Map: Ephemeron LE

Players

MаXGrig

  • Race: Zerg Zerg
  • League: Diamond
  • Spawn Location: 11:00

A.I. 1 (Elite) - Winner!

  • Race: Protoss Protoss
  • Spawn Location: 5:00

VOD

Have the link to the VOD?

Description

Time

  • Played on: Nov. 9, 2019, 5:51 a.m.
  • Length: 6:02
Show
View Real Time Build Order
Export as new Build Order

MаXGrig Zerg 

Build Orders: Pool First 

Get SALT Encoding   

  12  0:01  Drone  
  13  0:08  Drone  
  14  0:14  Extractor  
  14  0:16  Extractor  
  14  0:17  Drone  
  13  0:22  Drone  
  14  0:43  Spawning Pool  
  14  0:48  Drone  
  14  1:03  Overlord  
  14  1:22  Drone x2  
  14  1:23  Drone  
  17  1:42  Lair  
  17  1:48  Drone  
  17  1:52  Drone  
  19  2:01  Overlord  
  19  2:13  Overlord  
  19  2:40  Spire  
  19  2:42  Queen  
  20  2:49  Overlord  
  20  2:55  Drone  
  22  2:58  Drone  
  22  3:06  Overlord  
  22  3:25  Drone  
  23  3:28  Drone  
  24  3:52  Mutalisk x2  
  24  3:53  Mutalisk x3  
  34  4:00  Mutalisk  
  36  4:07  Zerg Flyer Weapons Level 1  
  36  4:14  Mutalisk  
  38  4:22  Mutalisk  
  40  5:00  Mutalisk x2  
  44  5:35  Mutalisk x2  
  48  5:55  Hatchery  
Show
View Real Time Build Order
Export as new Build Order

A.I. 1 (Elite) Protoss - Winner!

Build Orders:  

Get SALT Encoding   

  12  0:00  Probe  
  13  0:13  Probe  
  14  0:20  Pylon  
  14  0:25  Probe  
  15  0:35  Probe  
  16  0:43  Probe  
  16  0:48  Assimilator  
  17  0:51  Gateway  
  17  0:52  Probe  
  18  1:00  Probe, Pylon  
  18  1:08  Probe  
  20  1:19  Probe  
  21  1:31  Probe  
  22  1:40  Zealot  
  22  1:41  Cybernetics Core  
  22  1:43  Probe  
  25  2:00  Nexus  
  25  2:01  Probe  
  25  2:08  Warp Gate  
  26  2:09  Probe  
  27  2:18  Stalker, Probe  
  30  2:29  Pylon  
  30  2:30  Probe  
  31  2:41  Gateway  
  31  2:44  Assimilator  
  31  2:47  Adept, Probe  
  34  3:01  Forge  
  34  3:25  Pylon  
  34  3:26  Probe  
  35  3:29  Probe  
  36  3:34  Adept  
  36  3:38  Photon Cannon, Probe  
  36  3:39  Photon Cannon  
  39  3:41  Probe  
  39  3:47  Robotics Facility  
  40  3:53  Probe  
  41  3:56  Adept, Probe  
  44  4:04  Probe  
  44  4:08  Probe  
  46  4:12  Adept, Probe  
  49  4:18  Adept  
  49  4:20  Probe x2  
  53  4:31  Adept  
  53  4:32  Probe  
  53  4:37  Robotics Bay, Probe  
  57  4:40  Observer  
  57  4:41  Pylon  
  57  4:44  Probe  
  57  4:46  Robotics Facility  
  57  4:49  Stalker  
  57  4:51  Probe  
  59  4:56  Probe  
  55  5:03  Probe  
  53  5:07  Probe  
  53  5:15  Probe x2  
  47  5:22  Stalker  
  47  5:24  Probe  
  47  5:27  Probe  
  45  5:34  Probe  
  40  5:39  Probe  
  36  5:45  Twilight Council  
  36  5:46  Probe  
Tags
 
League
Diamond
Matchup
PvZ
Opening
Pool First
Spawn Locations
Cross Positions
Add a new tag
Caveats
  • Supply blocks, unpowered buildings, or Contaminate may cause inaccurate times.
  • Supply counts are checked every 10 seconds.